 Dungeon Crawl Stone Soup version 0.31-a0-833-gc15d34cb79 (webtiles) character file.

Game seed: 8195890189551328989

394 D12ThenQuit the Magician (level 7, 0/53 HPs)
             Began as a Djinni Hexslinger on Sept 26, 2023.
             Was an Initiate of Makhleb.
             Slain by a hornet (5 damage)
             ... on level 4 of the Dungeon.
             The game lasted 00:08:07 (2830 turns).

D12ThenQuit the Magician (Djinni Hexslinger)        Turns: 2830, Time: 00:08:08

Health: 0/53       AC:  3    Str:  7    XL:     7   Next: 9%
Gold:   154        EV: 12    Int: 14    God:    Makhleb [......] SH:  0 Dex: 18

rFire   + + .        a - +1 sling
rCold   x . .        (no shield)
rNeg    . . .        c - +0 robe
rPois   ∞            m - +0 helmet
rElec   .            (no cloak)
rCorr   .            (no gloves)
SInv    .            (boots unavailable)
Will    .....        (no amulet)
Stlth   ++           (no ring)
HPRegen 0.28/turn    (no ring)
MPRegen 0.00/turn

%: infuse magic (-1 HP)
@: flying, very slightly contaminated
A: sickness immunity, fire resistance 2, cold vulnerability 1, float, innate
caster, HP casting, extra vitality 1
a: Renounce Religion


You were on level 4 of the Dungeon.
You worshipped Makhleb.
Makhleb was noncommittal.
You visited 1 branch of the dungeon, and saw 4 of its levels.

You collected 154 gold pieces.

Inventory:

Hand Weapons
 a - a +1 sling (weapon)
 i - a +2 whip of venom
Missiles
 n - 3 javelins
Armour
 c - a +0 robe (worn)
 m - a +0 helmet (worn)
Jewellery
 s - a ring of wizardry
 t - a ring of ice
Talismans
 q - a serpent talisman
Scrolls
 b - a scroll of poison
 e - a scroll of immolation {unknown}
 g - 4 scrolls of identify {unknown}
 h - 2 scrolls of enchant weapon {unknown}
 j - 2 scrolls of teleportation {unknown}
 p - a scroll of torment {unknown}
 r - a scroll of butterflies {unknown}
Potions
 d - a potion of brilliance {unknown}
 f - a potion of enlightenment {unknown}
 k - 2 potions of haste {unknown}
 l - 3 potions of heal wounds {unknown}
 o - a potion of berserk rage {unknown}


   Skills:
 - Level 4.4 Fighting
 - Level 1.5 Ranged Weapons
 - Level 2.1 Dodging
 + Level 4.5 Spellcasting
 + Level 4.5 Conjurations
 + Level 4.5 Hexes
   Level 0.0 Charms
 + Level 4.5 Summonings
 + Level 4.5 Necromancy
 + Level 4.5 Translocations
 + Level 4.5 Transmutations
 + Level 4.5 Fire Magic
 + Level 4.5 Ice Magic
 + Level 4.5 Air Magic
 + Level 4.5 Earth Magic
 + Level 4.5 Poison Magic


You knew the following spells:

 Your Spells              Type           Power      Damage    Failure   Level
a - Inner Flame           Hex/Fire       15%        N/A       9%          3
b - Jinxbite              Hex            30%        N/A       4%          2
c - Scorch                Fire           30%        2d6       4%          2
d - Cause Fear            Hex            7%         N/A       28%         4
e - Dimensional Bullseye  Hex/Tloc       7%         N/A       28%         4
f - Magic Dart            Conj           60%        1d6       2%          1
g - Sigil of Binding      Hex            15%        N/A       9%          3
h - Summon Guardian Gole  Hex/Summ       15%        N/A       9%          3
Your spell library was empty.

Dungeon Overview and Level Annotations

Branches:
Dungeon (4/15)
 Temple: D:4-7

Altars:
Cheibriados
Elyvilon
Gozag
Makhleb
Qazlal
Trog
Uskayaw
Xom

Shops:
D:1 (   D:2 *

Annotations:
D:1 1 transporter


Innate Abilities, Weirdness & Mutations

You are immune to sickness and miasma.
You are immune to poison.
Your flesh is very heat resistant. (rF++)
You are vulnerable to cold. (rC-)
You float through the air rather than walking.
You learn spells naturally, not from books.
Your magical power is your life essence.
You have superior vitality. (+4 MHP)


Message History

Unknown command.
Casting: Scorch (safe; 4% risk of failure)
Confirm with . or Enter, or press ? or * to list all spells.
You miscast Summon Guardian Golem.
You are very lightly contaminated with residual magic.
Nothing appears to happen.
The hornet buzzes angrily.
Casting: Summon Guardian Golem (dangerous; 9% risk of failure)
Confirm with . or Enter, or press ? or * to list all spells.
A guardian golem appears, shielding your allies.
Unknown command.
Casting: Summon Guardian Golem (dangerous; 9% risk of failure)
Confirm with . or Enter, or press ? or * to list all spells.
Flames lash the hornet.
The hornet is lightly wounded.
The hornet's fire resistance burns away.
Casting: Scorch (safe; 4% risk of failure)
Confirm with . or Enter, or press ? or * to list all spells.
Flames lash the hornet.
The hornet is burned terribly!
The hornet is moderately wounded.
The hornet stings you! The hornet stings you.
Casting: Scorch (safe; 4% risk of failure)
Confirm with . or Enter, or press ? or * to list all spells.
You miscast Scorch.
Nothing appears to happen.
The hornet stings you.
Casting: Scorch (safe; 4% risk of failure)
Confirm with . or Enter, or press ? or * to list all spells.
Flames lash the hornet.
The hornet is burned terribly!
The hornet is heavily wounded.
The hornet closely misses you. The hornet stings you!
* * * LOW HITPOINT WARNING * * *
Press: ? - help, v - describe, . - travel
Here: a hornet (heavily wounded, more vulnerable to fire, ally target)
The floor.
Unknown command.
Unknown command.
Okay, then.
Okay, then.
Unknown command.
The hornet stings you.
You die...

..###.###..#..###.### #.
#...#...#.. #...#...
#..#...#...#...#...#...
#..#...#..# #..#...#...
#..###..#.. #..###....
#...#...#...#...#...##
#...#..## ..#...#.†###
#.######y.#..###.###.....#
........9@#............#.# #
####....#..###.#........
#.####..####.# #...##.##.#
#.#.......###### #####..##.#
#.........##_#⌠###_###..##.#
########..#_.#.#.#.#.8......
#..##............##.#
#..#_...........###.#
#†.#_.#.#.#.#.8.# #..


You could see a hornet (combustible, ally target) and a friendly guardian golem
(summoned).

Vanquished Creatures
  An ogre (D:4)
  A black bear (D:4)
  A hound (D:4)
  An orc priest (D:3)
  An orc wizard (D:3)
  Natasha (twice) (D:3)
  Robin (D:2)
  An adder (D:2)
  3 dart slugs
  3 orcs
  4 ball pythons
  5 endoplasms
  2 giant cockroaches (D:1)
  10 goblins
  4 hobgoblins
  3 jackals (D:2)
  4 quokkas
  7 bats
  3 frilled lizards
  4 kobolds
  4 rats
65 creatures vanquished.

Notes
Turn   | Place    | Note
-------+----------+-------------------------------------------
     0 | D:1      | D12ThenQuit the Djinni Hexslinger began the quest for the
                  | Orb.
     0 | D:1      | D12ThenQuit set off with the following spells memorised:
                  | Jinxbite, Sigil of Binding, Inner Flame, Cause Fear,
                  | Dimensional Bullseye.
     0 | D:1      | Reached XP level 1. HP: 17/17 MP: 0/0
   217 | D:1      | Reached XP level 2. HP: 23/23 MP: 0/0
   304 | D:1      | Found Qeorhock's Weapon Shop.
   675 | D:2      | Found Ciceruza's Assorted Antiques.
   697 | D:2      | Reached XP level 3. HP: 28/29 MP: 0/0
   697 | D:2      | Learned a level 1 spell: Magic Dart
  1165 | D:2      | Noticed Robin
  1452 | D:2      | Killed Robin
  1453 | D:2      | Reached XP level 4. HP: 37/37 MP: 0/0
  1654 | D:3      | Found a shimmering altar of Xom.
  1747 | D:3      | Noticed Natasha
  1755 | D:3      | Killed Natasha
  1993 | D:3      | Reached XP level 5. HP: 42/42 MP: 0/0
  1993 | D:3      | Learned a level 2 spell: Scorch
  2406 | D:3      | Noticed Natasha
  2410 | D:3      | Killed Natasha
  2576 | D:4      | Noticed an ogre
  2581 | D:4      | Killed an ogre
  2582 | D:4      | Reached XP level 6. HP: 42/48 MP: 0/0
  2697 | D:4      | Found a burning altar of Makhleb.
  2697 | D:4      | Found a stormy altar of Qazlal.
  2705 | D:4      | Found an opulent altar of Gozag.
  2706 | D:4      | Found a hide-covered altar of Uskayaw.
  2708 | D:4      | Found a white marble altar of Elyvilon.
  2709 | D:4      | Found a bloodstained altar of Trog.
  2710 | D:4      | Found a snail-covered altar of Cheibriados.
  2723 | D:4      | Became a worshipper of Makhleb the Destroyer
  2803 | D:4      | Noticed a black bear
  2806 | D:4      | Killed a black bear
  2807 | D:4      | Reached XP level 7. HP: 47/53 MP: 0/0
  2807 | D:4      | Learned a level 3 spell: Summon Guardian Golem
  2817 | D:4      | Noticed a hornet
  2830 | D:4      | Slain by a hornet

Illustrated notes

Levels and vault maps discovered:
D:1:      spicycebolla_arrival_risky_transporter, layout_loops_ring,
          serial_shops, nicolae_shop_peninsula, patterned_corridor
D:2:      layout_basic, serial_shops, shop, uniq_robin
D:3:      layout_loops_ring, xom_butterflies, serial_bayou,
          serial_bayou_lagoon_b, serial_bayou_crossing, serial_bayou_shore_b,
          serial_bayou_lake_a, feat_on_display, uniq_natasha
D:4:      layout_loops_ring, minitemple, nicolae_titane

Skill      XL: |  1  2  3  4  5  6 |
---------------+-------------------+-----
Fighting       | 2 3 4 |  4.4
Spellcasting   | 3 4 |  4.5
Conjurations   | 3 4 |  4.5
Hexes          | 3 4 |  4.5
Summonings     | 3 4 |  4.5
Necromancy     | 3 4 |  4.5
Translocations | 3 4 |  4.5
Transmutations | 3 4 |  4.5
Fire Magic     | 3 4 |  4.5
Ice Magic      | 3 4 |  4.5
Air Magic      | 3 4 |  4.5
Earth Magic    | 3 4 |  4.5
Poison Magic   | 3 4 |  4.5
Ranged Weapons | |  1.5
Dodging        | |  2.1

Action                     |  1- 3 |  4- 6 |  7- 9 || total
---------------------------+-------+-------+-------++-------
   Fire: Sling             |    91 |    90 |       ||   181
   Cast: Jinxbite          |     2 |     5 |       ||     7
         Scorch            |       |     9 |     3 ||    12
         Inner Flame       |       |     1 |       ||     1
         Summon Guardian G |       |       |     1 ||     1
 Armour: Robe              |    17 |    28 |     5 ||    50
  Dodge: Dodged            |    30 |    35 |     1 ||    66

Table legend: (Time is in decaauts)
 A = Elapsed time spent in this place.
 B = Non-inter-level travel time spent in this place.
 C = Inter-level travel time spent in this place.
 D = Time resting spent in this place.
 E = Time spent auto-exploring this place.
 F = Levels seen in this place.
 G = Mean time per level.
                   A        B        C        D        E       F      G
               +--------+--------+--------+--------+--------+-----+--------+
         Total |   2888 |   2822 |     66 |    175 |   1851 |   4 |  722.0 |
       Dungeon |   2888 |   2822 |     66 |    175 |   1851 |   4 |  722.0 |
               +--------+--------+--------+--------+--------+-----+--------+

Top non-repeatable levels by time:
     D:2: 1011 daAuts
     D:3: 936 daAuts
     D:1: 659 daAuts
     D:4: 281 daAuts
